 Dungeon Crawl Stone Soup version 0.27-a0-1081-ge8a0a9c698 (webtiles) character file.

Game seed: 1354812674918346319

161 frogmouthbird the Chopper (level 5, 0/45 HPs)
             Began as a Hill Orc Fighter on Apr 26, 2021.
             Succumbed to a water moccasin's poison
             ... on level 4 of the Dungeon.
             The game lasted 00:02:25 (3239 turns).

frogmouthbird the Chopper (Hill Orc Fighter)        Turns: 3239, Time: 00:02:26

Health: 0/45       AC: 12    Str: 19    XL:     5   Next: 42%
Magic:  5/5        EV:  3    Int:  9    God:
Gold:   142        SH:  9    Dex: 10    Spells: 4/4 levels left

rFire    . . .     SeeInvis .   a - +0 war axe
rCold    . . .     Faith    .   c - +0 kite shield
rNeg     . . .     Spirit   .   i - +0 plate armour
rPois    .         Reflect  .   e - +1 hat
rElec    .         Harm     .   (no cloak)
rCorr    .         Rampage  .   (no gloves)
Will     .....                  (no boots)
Stlth    ..........             (no amulet)
HPRegen  0.15/turn              (no ring)
MPRegen  0.09/turn              (no ring)

@: lethally poisoned (0 -> -13)
A: no striking features
a: no special abilities


You were on level 4 of the Dungeon.
You visited 1 branch of the dungeon, and saw 4 of its levels.

You collected 142 gold pieces.

Inventory:

Hand Weapons
 a - a +0 war axe (weapon)
Armour
 c - a +0 kite shield (worn)
 e - a +1 hat (worn)
 i - a +0 plate armour (worn)
Jewellery
 b - a +6 ring of intelligence
Scrolls
 l - a scroll of identify {unknown}
 m - 2 scrolls of enchant weapon {unknown}
 o - a scroll of teleportation
Potions
 d - a potion of might
 f - a potion of haste {unknown}
 g - a potion of heal wounds {unknown}
 h - a potion of curing {unknown}
 j - a potion of cancellation {unknown}
 k - a potion of flight {unknown}
 n - 2 potions of degeneration {unknown}


   Skills:
 - Level 3.6 Fighting
 * Level 7.2 Axes
 - Level 3.2 Armour
 - Level 3.2 Shields


You had 4 spell levels left.
You didn't know any spells.
Your spell library contained the following spells:

 Spells                   Type           Power      Damage    Failure   Level
 Animate Skeleton         Necr           0%         N/A       100%        1
 Magic Dart               Conj           0%         1d3       100%        1
 Pain                     Necr           0%         1d4       100%        1
 Searing Ray              Conj           0%         3d3       100%        2
 Dazzling Flash           Conj/Hex       0%         N/A       100%        3
 Vampiric Draining        Necr           0%         2d6       100%        3
 Animate Dead             Necr           0%         N/A       100%        4
 Fulminant Prism          Conj/Hex       0%         3d6       100%        4
 Iskenderun's Mystic Bla  Conj/Tloc      0%         2d3       100%        4
 Agony                    Necr           0%         N/A       100%        5


Dungeon Overview and Level Annotations

Branches:
Dungeon (4/15)
 Temple: D:4-7

Altars:


Message History

The water moccasin completely misses you.
You closely miss the water moccasin.
The water moccasin is almost dead.
The water moccasin bites you but does no damage.
You block the water moccasin's attack.
You barely miss the water moccasin.
The water moccasin is almost dead.
The water moccasin bites you but does no damage. x2
You closely miss the water moccasin.
The water moccasin is almost dead.
The water moccasin bites you but does no damage. x2
You closely miss the water moccasin.
The water moccasin is almost dead.
You block the water moccasin's attack.
The water moccasin bites you but does no damage.
Your shield and plate armour prevent you from hitting the water moccasin.
The water moccasin is almost dead.
The water moccasin bites you but does no damage.
You block the water moccasin's attack.
You closely miss the water moccasin.
The water moccasin is almost dead.
The water moccasin bites you but does no damage. x2
You barely miss the water moccasin.
The water moccasin is almost dead.
You block the water moccasin's attack.
The water moccasin bites you but does no damage.
You miss the water moccasin.
The water moccasin is almost dead.
The water moccasin bites you.
* * * LOW HITPOINT WARNING * * *
You are lethally poisoned!
The water moccasin poisons you! You block the water moccasin's attack.
You completely miss the water moccasin.
The water moccasin is almost dead.
* * * LOW HITPOINT WARNING * * *
You feel very sick. The water moccasin barely misses you.
You hit the water moccasin.
You kill the water moccasin!
You die...

.#..............
.......#.......
.......#......$
.#.##.#........
#.##.#.####...
##$.....# ...
#.....### ..
......#.##
..####.#@# #.#.#
#.#.# ....#
...## .< ##


There were no monsters in sight!

Vanquished Creatures
  A water moccasin (D:4)
  A phantom (D:3)
  2 adders
  2 worms
  2 orcs (D:3)
  7 ball pythons
  8 endoplasms
  3 giant cockroaches
  5 goblins
  4 hobgoblins
  4 jackals
  4 bats
  3 frilled lizards
  4 kobolds
  3 rats
53 creatures vanquished.

Notes
Turn   | Place    | Note
-------+----------+-------------------------------------------
     0 | D:1      | frogmouthbird the Hill Orc Fighter began the quest for the
                  | Orb.
     0 | D:1      | Reached XP level 1. HP: 19/19 MP: 1/1
   128 | D:1      | Reached skill level 3 in Axes
   245 | D:1      | Reached XP level 2. HP: 16/26 MP: 2/2
   562 | D:1      | Reached skill level 4 in Axes
  1168 | D:1      | Reached XP level 3. HP: 27/31 MP: 3/3
  1175 | D:1      | Reached skill level 5 in Axes
  2029 | D:2      | Reached XP level 4. HP: 39/39 MP: 4/4
  2298 | D:3      | Found a faded altar of an unknown god.
  2364 | D:3      | Reached skill level 6 in Axes
  2905 | D:4      | Noticed a phantom
  2910 | D:4      | Noticed a water moccasin
  2937 | D:3      | Killed a phantom
  2938 | D:3      | Reached skill level 7 in Axes
  2938 | D:3      | Reached XP level 5. HP: 4/45 MP: 5/5
  3239 | D:4      | Killed a water moccasin
  3239 | D:4      | Succumbed to a water moccasin's poison

Illustrated notes

Levels and vault maps discovered:
D:1:      dpeg_arrival_castle, layout_basic, minmay_misc_feat_secret_circle
D:2:      layout_basic
D:3:      layout_loops_ring, ebering_ecumenical_altar_mist, minmay_hedge_maze,
          minmay_pentomino_pile
D:4:      layout_rooms, nicolae_tso_carved_into_rock

Skill      XL: |  1  2  3  4 |
---------------+-------------+-----
Axes           | 3 4 5 7 |  7.2
Fighting       | |  3.6
Armour         | |  3.2
Shields        | |  3.2

Action                   |  1- 3 |  4- 6 || total
-------------------------+-------+-------++-------
Melee: War axe           |    92 |    80 ||   172
  Use: Scroll            |       |     2 ||     2
Armor: Scale mail        |    45 |       ||    45
       Plate armour      |    20 |    54 ||    74
Dodge: Dodged            |    28 |    10 ||    38
Block: Kite shield       |    62 |    45 ||   107

Table legend: (Time is in decaauts)
 A = Elapsed time spent in this place.
 B = Non-inter-level travel time spent in this place.
 C = Inter-level travel time spent in this place.
 D = Time resting spent in this place.
 E = Time spent auto-exploring this place.
 F = Levels seen in this place.
 G = Mean time per level.
                   A        B        C        D        E       F      G
               +--------+--------+--------+--------+--------+-----+--------+
         Total |   3323 |   3241 |     82 |    341 |   2453 |   4 |  830.8 |
       Dungeon |   3323 |   3241 |     82 |    341 |   2453 |   4 |  830.8 |
               +--------+--------+--------+--------+--------+-----+--------+

Top non-repeatable levels by time:
     D:1: 1273 daAuts
     D:3: 1096 daAuts
     D:2: 897 daAuts
     D:4: 56 daAuts
